 Dungeon Crawl Stone Soup version 0.29-a0-80-g3050e97935 (webtiles) character file.

Game seed: 5292919143372999048

66 Bosse the Magician (level 3, -2/24 HPs)
             Began as a Demonspawn Hedge Wizard on Feb 4, 2022.
             Slain by Terence (4 damage)
             ... on level 3 of the Dungeon.
             The game lasted 00:05:59 (3231 turns).

Bosse the Magician (Demonspawn Hedge Wizard)        Turns: 3231, Time: 00:06:00

Health: -2/24      AC:  2    Str: 10    XL:     3   Next: 96%
Magic:  0/8        EV: 12    Int: 17    God:
Gold:   36         SH:  0    Dex: 12    Spells: 6/10 levels left

rFire   . . .      SeeInvis .   a - +0 dagger
rCold   . . .      Faith    .   (no shield)
rNeg    . . .      Spirit   .   b - +0 robe
rPois   .          Reflect  .   c - +0 hat
rElec   .          Harm     .   (no cloak)
rCorr   .          Rampage  .   (no gloves)
Will    .....                   (no boots)
Stlth   ++........              (no amulet)
HPRegen 0.08/turn               (no ring)
MPRegen 0.22/turn               (no ring)

@: no status effects
A: spiny 1, magic regeneration
a: no special abilities


You were on level 3 of the Dungeon.
You visited 1 branch of the dungeon, and saw 3 of its levels.

You collected 36 gold pieces.

Inventory:

Hand Weapons
 a - a +0 dagger (weapon)
Armour
 b - a +0 robe (worn)
 c - a +0 hat (worn)
Scrolls
 f - a scroll of silence {unknown}
 h - a scroll of identify {unknown}
 i - a scroll of magic mapping {unknown}
Potions
 d - 2 potions of heal wounds {unknown}
 e - a potion of invisibility {unknown}
 g - a potion of curing {unknown}


   Skills:
 + Level 2.2 Dodging
 + Level 2.0 Stealth
 + Level 4.1 Spellcasting
 + Level 1.5 Conjurations
 + Level 1.0 Summonings
 + Level 0.8 Translocations


You had 6 spell levels left.
You knew the following spells:

 Your Spells              Type           Power      Damage    Failure   Level
a - Magic Dart            Conj           32%        1d4       9%          1
b - Mephitic Cloud        Conj/Pois/Air  5%         N/A       36%         3

Your spell library contained the following spells:

 Spells                   Type           Power      Damage    Failure   Level
 Slow                     Hex            12%        N/A       16%         1
 Call Imp                 Summ           6%         N/A       16%         2
 Blink                    Tloc           12%        N/A       17%         2
 Gell's Gravitas          Tloc           6%         N/A       32%         3
 Teleport Other           Tloc           6%         N/A       32%         3
 Conjure Flame            Conj/Fire      6%         6-21      34%         3
 Dispersal                Tloc           3%         N/A       100%        6


Dungeon Overview and Level Annotations

Branches:
Dungeon (3/15)

Altars:

Annotations:
D:2 Sigmund
D:3 Terence


Innate Abilities, Weirdness & Mutations

You are partially covered in sharp spines.
You regenerate magic rapidly.


Message History

Aiming: Magic Dart (safe; 9% risk of failure)
Press: ? - help, Shift-Dir - straight line, f/p - Terence
Aim: Terence, wielding a +0 short sword and wearing a +0 chain mail (severely wounded, 100% to hit)
The magic dart hits Terence.
Terence is almost dead.
Terence closely misses you.
Casting: Magic Dart (safe; 9% risk of failure)
Confirm with . or Enter, or press ? or * to list all spells.
Aiming: Magic Dart (safe; 9% risk of failure)
Press: ? - help, Shift-Dir - straight line, f/p - Terence
Aim: Terence, wielding a +0 short sword and wearing a +0 chain mail (almost dead, 100% to hit)
The magic dart hits Terence but does no damage.
Terence is almost dead.
Terence misses you.
Casting: Magic Dart (safe; 9% risk of failure)
Confirm with . or Enter, or press ? or * to list all spells.
Aiming: Magic Dart (safe; 9% risk of failure)
Press: ? - help, Shift-Dir - straight line, f/p - Terence
Aim: Terence, wielding a +0 short sword and wearing a +0 chain mail (almost dead, 100% to hit)
The magic dart hits Terence but does no damage.
Terence is almost dead.
Terence closely misses you.
Casting: Magic Dart (safe; 9% risk of failure)
Confirm with . or Enter, or press ? or * to list all spells.
Aiming: Magic Dart (safe; 9% risk of failure)
Press: ? - help, Shift-Dir - straight line, f/p - Terence
Aim: Terence, wielding a +0 short sword and wearing a +0 chain mail (almost dead, 100% to hit)
The magic dart hits Terence but does no damage.
Terence is almost dead.
Terence hits you with a +0 short sword.
* * * LOW HITPOINT WARNING * * *
Casting: Magic Dart (safe; 9% risk of failure)
Confirm with . or Enter, or press ? or * to list all spells.
Aiming: Magic Dart (safe; 9% risk of failure)
Press: ? - help, Shift-Dir - straight line, f/p - Terence
Aim: Terence, wielding a +0 short sword and wearing a +0 chain mail (almost dead, 100% to hit)
The magic dart hits Terence but does no damage.
Terence is almost dead.
Terence hits you with a +0 short sword.
You die...

#w....#<.
#...#.....
##.....#...
########......#.##
#.....##......#
#.....##.#..#...#
#....w(..#..##..#
#####@####.......
#@# .....#) #.#
..##.# #.# .# #.#
#.# ###


You could see Terence and a worm.

Vanquished Creatures
  2 adders (D:2)
  2 dart slugs (D:2)
  An orc (D:3)
  3 ball pythons (D:2)
  3 bats
  An endoplasm (D:1)
  3 giant cockroaches
  8 goblins
  2 hobgoblins
  5 jackals
  A frilled lizard (D:1)
  4 kobolds
  4 rats (D:1)
39 creatures vanquished.

Notes
Turn   | Place    | Note
-------+----------+-------------------------------------------
     0 | D:1      | Bosse the Demonspawn Hedge Wizard began the quest for the
                  | Orb.
     0 | D:1      | Reached XP level 1. HP: 13/13 MP: 4/4
   466 | D:1      | Gained mutation: You are partially covered in sharp spines.
                  | [demonic ancestry]
   466 | D:1      | Reached XP level 2. HP: 19/19 MP: 3/6
   954 | D:1      | Found a faded altar of an unknown god.
  1468 | D:2      | Gained mutation: You regenerate magic rapidly. [demonic
                  | ancestry]
  1468 | D:2      | Reached XP level 3. HP: 24/24 MP: 1/8
  1850 | D:2      | Reached skill level 4 in Spellcasting
  2049 | D:2      | Noticed Sigmund
  2847 | D:2      | Learned a level 3 spell: Mephitic Cloud
  3195 | D:3      | Noticed Terence
  3231 | D:3      | Slain by Terence

Illustrated notes

Levels and vault maps discovered:
D:1:      psy_arrival_radial02, layout_basic, ebering_ecumenical_altar_mist,
          grunt_decor_junction
D:2:      layout_basic, uniq_sigmund
D:3:      layout_basic, portal_sewer_entry_f, minmay_strange_pillars,
          kennysheep_flooded_box, grunt_decor_clamped, uniq_grinder,
          uniq_terence, uniq_crazy_yiuf_cottage

Skill      XL: |  1  2  3 |
---------------+----------+-----
Dodging        | 2 |  2.2
Stealth        | 2 |  2.0
Spellcasting   | 4 |  4.1
Conjurations   | |  1.5
Summonings     | |  1.0
Translocations | |  0.8

Action                   || total
-------------------------++-------
Melee: Dagger            ||    31
 Cast: Magic Dart        ||   128
       Mephitic Cloud    ||     1
Armor: Robe              ||    11
Dodge: Dodged            ||    37

Table legend: (Time is in decaauts)
 A = Elapsed time spent in this place.
 B = Non-inter-level travel time spent in this place.
 C = Inter-level travel time spent in this place.
 D = Time resting spent in this place.
 E = Time spent auto-exploring this place.
 F = Levels seen in this place.
 G = Mean time per level.
                   A        B        C        D        E       F      G
               +--------+--------+--------+--------+--------+-----+--------+
         Total |   3233 |   3205 |     28 |    778 |   1978 |   3 | 1077.7 |
       Dungeon |   3233 |   3205 |     28 |    778 |   1978 |   3 | 1077.7 |
               +--------+--------+--------+--------+--------+-----+--------+

Top non-repeatable levels by time:
     D:1: 1899 daAuts
     D:2: 1054 daAuts
     D:3: 279 daAuts
